 Dungeon Crawl Stone Soup version 0.29.1-4-g47bece8355 (webtiles) character file.

Game seed: 9879252496629096374

14071 fantasyman the Peltast (level 12, -3/93 HPs)
             Began as a Formicid Fighter on Dec 4, 2022.
             Was a Believer of the Shining One.
             Slain by an eight-headed hydra (4 damage)
             ... on level 11 of the Dungeon.
             The game lasted 00:15:32 (12073 turns).

fantasyman the Peltast (Formicid Fighter)          Turns: 12073, Time: 00:15:33

Health: -3/93      AC: 13    Str: 26    XL:     12   Next: 40%
Magic:  0/12       EV:  8    Int:  8    God:    the Shining One [**....]
Gold:   496        SH:  8    Dex: 19    Spells: 11/11 levels left

rFire   + . .      SeeInvis +   a - +1 war axe (spect)
rCold   + . .      Faith    .   c - +0 buckler
rNeg    + . .      Spirit   +   u - +0 chain mail "Ebaon" {Harm +Inv Stlth+}
rPois   .          Reflect  .   (helmet unavailable)
rElec   .          Harm     +   r - scarf {rC+ rF+}
rCorr   .          Rampage  .   m - +0 pair of gloves
Will    +....                   (no boots)
Stlth   ..........              g - amulet of guardian spirit
HPRegen 0.25/turn               o - +6 ring of dexterity
MPRegen 0.13/turn               (no ring)

@: glowing, studying Long Blades
A: permanent stasis, dig shafts and tunnels, antennae 3, four strong arms
a: Dig, Shaft Self, Renounce Religion, Evoke Invisibility, Divine Shield


You were on level 11 of the Dungeon.
You worshipped the Shining One.
The Shining One was pleased with you.
You visited 1 branch of the dungeon, and saw 11 of its levels.

You collected 496 gold pieces.

Inventory:

Hand Weapons
 a - a +1 spectral war axe (weapon)
 I - a +0 giant spiked club
Armour
 c - a +0 buckler (worn)
 e - a +1 plate armour
 m - a +0 pair of gloves (worn)
 r - a scarf of resistance (worn)
 u - the +0 chain mail "Ebaon" (worn) {Harm +Inv Stlth+}
   (You found it on level 6 of the Dungeon)

   +Inv:      It lets you turn invisible.
   Harm:      It increases damage dealt and taken.
   Stlth:     It makes you more stealthy.
Jewellery
 g - an amulet of guardian spirit (around neck)
 o - a +6 ring of dexterity (left hand)
 C - an amulet of regeneration
 E - a ring of ice
Wands
 s - a wand of charming (11)
 v - a wand of polymorph (13)
 y - a wand of mindburst (14)
 z - a wand of flame (11)
 B - a wand of acid (9)
 M - a wand of digging (6)
Scrolls
 b - a scroll of poison
 f - a scroll of amnesia
 i - 5 scrolls of identify
 j - 2 scrolls of enchant armour
 p - a scroll of fear
 q - 4 scrolls of blinking
 w - a scroll of vulnerability
 G - a scroll of butterflies
 J - a scroll of enchant weapon
 K - a scroll of immolation {unknown}
Potions
 d - a potion of might
 h - a potion of flight
 k - a potion of berserk rage
 l - 3 potions of curing
 n - 2 potions of degeneration
 t - a potion of heal wounds
 x - 2 potions of brilliance
 A - a potion of mutation
 D - a potion of cancellation {unknown}
 F - a potion of attraction {unknown}
 H - 3 potions of ambrosia
 L - a potion of magic


   Skills:
 + Level 8.3 Fighting
 + Level 11.6 Axes
 + Level 10.1 Armour
 + Level 1.9 Stealth
 + Level 15.2 Shields


You had 11 spell levels left.
You didn't know any spells.
Your spell library contained the following spells:

 Spells                   Type           Power      Damage    Failure   Level
 Beastly Appendage        Tmut           0%         N/A       92%         1
 Wereblood                Tmut           0%         N/A       98%         2
 Gell's Gravitas          Tloc           0%         N/A       100%        3
 Lesser Beckoning         Tloc           0%         N/A       100%        3
 Spider Form              Tmut/Pois      0%         N/A       100%        3
 Teleport Other           Tloc           0%         N/A       100%        3


Dungeon Overview and Level Annotations

Branches:
Dungeon (11/15)            Temple (0/1) D:5            Lair (0/5) D:8
    Orc: D:9-12

Altars:
Ashenzari
Dithmenos
Elyvilon
Fedhas
Kikubaaqudgha
Makhleb
Nemelex Xobeh
Okawaru
Sif Muna
Trog
Uskayaw
Vehumet
Wu Jian
The Shining One

Shops:
D:6 :   D:9 (


Innate Abilities, Weirdness & Mutations

You cannot be hasted, slowed, berserked, paralysed or teleported.
You can dig through walls and to a lower floor.
You have a pair of large antennae on your head. (SInv)
Your four strong arms can wield two-handed weapons with a shield.


Message History

The seven-headed hydra bites you!
The seven-headed hydra attacks as you move away!
You block the seven-headed hydra's attack.
The seven-headed hydra bites you but does no damage.
The seven-headed hydra bites you!
The seven-headed hydra bites you but does no damage.
The seven-headed hydra bites you!
You block the seven-headed hydra's attack.
The seven-headed hydra closely misses you.
You lop one of the seven-headed hydra's heads off!
The six-headed hydra grows two more!
You slash the eight-headed hydra!
The eight-headed hydra is moderately wounded.
The eight-headed hydra completely misses you.
The eight-headed hydra barely misses you. x2
The eight-headed hydra bites you.
The eight-headed hydra bites you but does no damage.
The eight-headed hydra bites you.
* * * LOW HITPOINT WARNING * * *
The eight-headed hydra barely misses you.
You block the eight-headed hydra's attack.
The eight-headed hydra bites you but does no damage.
Keep disrobing?
The eight-headed hydra bites you but does no damage.
The eight-headed hydra misses you. The eight-headed hydra bites you.
* * * LOW HITPOINT WARNING * * *
The eight-headed hydra bites you!
* * * LOW HITPOINT WARNING * * *
The eight-headed hydra bites you.
* * * LOW HITPOINT WARNING * * *
The eight-headed hydra bites you.
* * * LOW HITPOINT WARNING * * *
You block the eight-headed hydra's attack.
You start removing your armour.
You continue taking off your +0 buckler.
The eight-headed hydra completely misses you.
The eight-headed hydra bites you!
* * * LOW HITPOINT WARNING * * *
The eight-headed hydra bites you but does no damage. x2
The eight-headed hydra bites you.
You die...

... ## #.# ... #.#
.... #.###....?.
#..........
#..###.....
#..........
##D###..... #@#
###.# #.# #..
###.####.#
#.....##.# .
#.###.##.#####.#
#.# #..........#
###.###.##........
........##<.######
#####....ยง........


You could see an eight-headed hydra.

Vanquished Creatures
  Erolcha (D:9)
  Erica (D:9)
  An unseen horror (D:10)
  2 hornets
  A spriggan (D:10)
  A shadow (D:11)
  A wraith (D:9)
  2 wyverns
  16 yaks
  A steam dragon (D:10)
  A water moccasin (D:6)
  Duvessa (D:5)
  4 orc warriors
  7 black bears
  An ice beast (D:8)
  3 ogres
  5 centaurs
  6 kobold brigands
  3 bullfrogs
  3 necrophages
  Blork the orc (D:6)
  4 scorpions
  7 wights (D:6)
  Dowan (D:5)
  9 killer bees (D:9)
  4 howler monkeys
  2 jellies (D:5)
  2 gnoll boudas
  6 orc priests
  Crazy Yiuf (D:6)
  3 hounds
  4 iguanas
  5 orc wizards
  15 gnolls
  5 adders
  2 white imps (D:5)
  2 ufetubi (D:5)
  2 worms
  4 dart slugs
  37 orcs
  6 bats
  5 bat zombies (D:5)
  9 endoplasms
  4 giant cockroaches
  11 goblins
  4 hobgoblins
  3 jackals (D:4)
  31 kobolds
  3 quokkas
  6 ball pythons
  3 frilled lizards
  6 rats
268 creatures vanquished.

Vanquished Creatures (others)
  A quokka (D:5)
  6 fungi (D:8)
  19 plants
26 creatures vanquished.

Grand Total: 294 creatures vanquished

Notes
Turn   | Place    | Note
-------+----------+-------------------------------------------
     0 | D:1      | fantasyman the Formicid Fighter began the quest for the
                  | Orb.
     0 | D:1      | Reached XP level 1. HP: 18/18 MP: 1/1
   169 | D:1      | Reached XP level 2. HP: 24/24 MP: 2/2
   455 | D:1      | Reached XP level 3. HP: 30/30 MP: 3/3
  1366 | D:3      | Reached XP level 4. HP: 24/37 MP: 4/4
  1692 | D:3      | Found a faded altar of an unknown god.
  2029 | D:3      | Found a sparkling altar of Nemelex Xobeh.
  2810 | D:4      | Noticed a necrophage
  2825 | D:4      | HP: 1/37 [orc wizard/puff of flame (4)]
  2846 | D:4      | Reached skill level 5 in Shields
  2846 | D:4      | Reached XP level 5. HP: 42/42 MP: 5/5
  2867 | D:4      | Reached XP level 6. HP: 20/48 MP: 6/6
  3197 | D:4      | Noticed a black bear
  3204 | D:4      | Killed a black bear
  3261 | D:4      | Reached XP level 7. HP: 28/55 MP: 4/7
  3410 | D:4      | Found a glowing golden altar of the Shining One.
  3420 | D:4      | Became a worshipper of the Shining One
  3485 | D:4      | Reached skill level 5 in Axes
  3509 | D:4      | Found a burning altar of Makhleb.
  4015 | D:5      | Entered Level 5 of the Dungeon
  4023 | D:5      | Noticed a yak
  4024 | D:5      | Noticed a yak
  4025 | D:5      | Noticed a yak
  4036 | D:4      | Killed a yak
  4037 | D:4      | Reached skill level 5 in Fighting
  4037 | D:4      | Reached skill level 1 in Stealth
  4037 | D:4      | Reached skill level 6 in Shields
  4037 | D:4      | Reached XP level 8. HP: 40/62 MP: 5/8
  4350 | D:5      | Killed a yak
  4351 | D:5      | Reached skill level 5 in Armour
  4352 | D:5      | Killed a yak
  4808 | D:5      | Noticed Duvessa
  4808 | D:5      | Noticed Dowan
  4820 | D:5      | Killed Duvessa
  4828 | D:5      | Killed Dowan
  4829 | D:5      | Reached XP level 9. HP: 52/68 MP: 6/9
  4995 | D:5      | Found a shadowy altar of Dithmenos.
  5217 | D:5      | Reached skill level 7 in Shields
  5218 | D:5      | Reached * piety under the Shining One
  5234 | D:5      | Found a staircase to the Ecumenical Temple.
  5264 | D:5      | Found a white marble altar of Elyvilon.
  5397 | D:5      | Found an ancient bone altar of Kikubaaqudgha.
  6035 | D:6      | Identified the +0 chain mail "Ebaon" {Harm +Inv Stlth+}
  6084 | D:6      | Found Qauts's Book Boutique.
  6220 | D:6      | Found an ornate altar of the Wu Jian Council.
  6403 | D:6      | Reached ** piety under the Shining One
  6470 | D:6      | Reached XP level 10. HP: 66/76 MP: 10/10
  6579 | D:6      | Noticed Blork the orc
  6594 | D:6      | You fall into a shaft and drop 1 floor!
  6683 | D:7      | Found a shimmering blue altar of Sif Muna.
  6944 | D:7      | Found a blossoming altar of Fedhas.
  6945 | D:7      | Found a bloodstained altar of Trog.
  6945 | D:7      | Found a broken altar of Ashenzari.
  7492 | D:6      | Found an iron altar of Okawaru.
  7492 | D:6      | Found a radiant altar of Vehumet.
  7791 | D:6      | Killed Blork the orc
  8158 | D:6      | Found a runed translucent door.
  8159 | D:6      | Noticed Crazy Yiuf
  8264 | D:6      | Killed Crazy Yiuf
  8462 | D:8      | Reached skill level 10 in Axes
  8712 | D:8      | Reached skill level 14 in Shields
  8712 | D:8      | Reached XP level 11. HP: 84/84 MP: 11/11
  9073 | D:8      | Found a staircase to the Lair.
  9078 | D:8      | Reached skill level 15 in Shields
  9314 | D:8      | Found a hide-covered altar of Uskayaw.
  9426 | D:9      | Noticed Erolcha
  9432 | D:9      | Killed Erolcha
  9492 | D:9      | Noticed Erica
  9500 | D:9      | Killed Erica
  9501 | D:9      | Reached XP level 12. HP: 77/92 MP: 8/12
  9698 | D:9      | Found Beograsm's Weapon Shoppe.
 10932 | D:10     | Entered Level 10 of the Dungeon
 11869 | D:10     | Reached skill level 10 in Armour
 12061 | D:11     | Noticed a six-headed hydra
 12073 | D:11     | HP: 1/93 [eight-headed hydra (12)]
 12073 | D:11     | Slain by an eight-headed hydra

Illustrated notes

Levels and vault maps discovered:
D:1:      grunt_arrival_lava_bath, layout_basic, minmay_tetromino_t2
D:2:      layout_rooms, serial_bayou, serial_bayou_pond_a, serial_bayou_pond_e,
          serial_bayou_pond_a, serial_bayou_shore_a
D:3:      wander_river, layout_loops_corners, mainiacjoe_overflow_24_doors,
          shapermc_ecumenical_altar_ellora, dk_noncrumbling_2
D:4:      layout_basic, mainiacjoe_overflow_alcove_4, old_standard_altar
D:5:      layout_basic, elyvilon_altar_4, lemuel_zombie_altar_kikubaaqudgha,
          grunt_dithmenos_smoke, minmay_temple_entry_trees, hex_intersection,
          serial_bayou_pond_c, uniq_duvessa
D:6:      layout_loops_corners, amethyst_overflow_temple_binary,
          lemuel_round_altar, serial_shops, shop_statue,
          uniq_crazy_yiuf_cottage, uniq_blork_the_orc
D:7:      layout_layer_cave, nicolae_sif_muna_little_library,
          gammafunk_temple_overflow_forgotten
D:8:      layout_loops_ring, overflow_temple_1_default,
          grunt_lair_entry_orc_guard_hut, minmay_manual_monstrance
D:9:      layout_stronghold, serial_shops,
          nicolae_shop_temple_entry_statues_fountains, uniq_erolcha, uniq_erica
D:10:     layout_stronghold, hangedman_stone_soup
D:11:     layout_loops_ring, gammafunk_ghost_split

Skill      XL: |  1  2  3  4  5  6  7  8  9 10 11 12 |
---------------+-------------------------------------+-----
Axes           | 3 4 6 7 9 10 11 | 11.6
Shields        | 5 6 7 14 15 | 15.2
Fighting       | 4 5 6 7 8 |  8.3
Armour         | 4 6 8 9 10 | 10.1
Stealth        | 1 |  1.9

Action                   |  1- 3 |  4- 6 |  7- 9 | 10-12 || total
-------------------------+-------+-------+-------+-------++-------
Melee: War axe           |    87 |   106 |   140 |   201 ||   534
 Abil: Dig               |       |       |       |     1 ||     1
  Use: Scroll            |     1 |     8 |     2 |     7 ||    18
       Potion            |       |     3 |     2 |     1 ||     6
Armor: Scale mail        |    37 |    39 |       |       ||    76
       Skin              |       |    17 |       |       ||    17
       Plate armour      |       |       |    60 |       ||    60
       Chain mail        |       |       |    10 |    80 ||    90
Dodge: Dodged            |    51 |    34 |    46 |    76 ||   207
Block: Buckler           |    28 |    30 |    45 |    69 ||   172
